cohdb
Replays
Latest Replays
All Replays
Popular Replays
Top Player Replays
Match Explorer
How It Works
Community
CoH3 Stats
Reddit
Sign in to upload your games and track your stats! →
Sign in with Steam
Match 45220378
Unlisted
Match 45220378
Overview
Messages
Build Orders
End
Construct Weapon Support Center
Selects Armored Battlegroup
Selects Assault Engineers
Assault Engineer Squad
M1919 Machine Gun Team
Bazooka Squad
Assault Engineer Squad
Air Support Center
Double Sortie
Grasshopper Recon Run
Bazooka Squad
P-47 Dive Bomb
P-47 Strafing Run
Air Supply
Grasshopper Recon Run
P-47 Dive Bomb
P-47 Strafing Run
Bazooka Squad
Selects Strength in Steel
P-47 Strafing Run
P-47 Dive Bomb
Selects M8 Scott SPG
Construct Tank Depot
P-47 Strafing Run
Grasshopper Recon Run
P-47 Dive Bomb
P-47 Strafing Run
Selects UNKNOWN (2160077)
M4A3E8 Sherman Easy Eight
P-47 Dive Bomb
HOLD THE LINE
Sieg oder Sibirien
Lennyslav
求你了别站起来蹬她
Jm200092
funny mud pee
QAQ
Korcel
0
0
Comments
sign in to comment!
No comments posted yet!